 Dungeon Crawl Stone Soup version 0.29-a0-490-g77b3608bb8 (webtiles) character file.

Game seed: 14575859739425829635

1645 oldark the Basher (level 8, -2/76 HPs)
             Began as a Deep Dwarf Monk on May 26, 2022.
             Slain by an ogre
             ... wielding a +0 giant spiked club
              (18 damage)
             ... on level 7 of the Dungeon.
             The game lasted 00:17:57 (3986 turns).

oldark the Basher (Deep Dwarf Monk)                 Turns: 3986, Time: 00:17:58

Health: -2/76      AC: 14    Str: 16    XL:     8   Next: 67%
Magic:  7/7        EV:  8    Int: 12    God:
Gold:   547        SH:  4    Dex: 17    Spells: 7/7 levels left

rFire   . . .      SeeInvis .   e - +1 flail (holy)
rCold   . . .      Faith    .   (no shield)
rNeg    . . .      Spirit   .   k - +0 chain mail
rPois   .          Reflect  .   (no helmet)
rElec   .          Harm     .   (no cloak)
rCorr   .          Rampage  .   l - +1 pair of gloves
Will    +....                   o - +1 pair of boots
Stlth   ..........              (no amulet)
HPRegen 0.00/turn               (no ring)
MPRegen 0.10/turn               (no ring)

@: unable to read
A: damage resistance, heal wounds, sense surroundings 1, no regeneration, large
bone plates 1, agile 1, inability to read while threatened, MP-powered wands
a: Heal Wounds


You were on level 7 of the Dungeon.
You visited 2 branches of the dungeon, and saw 8 of its levels.
You also visited: Ossuary.

You collected 547 gold pieces.

Inventory:

Hand Weapons
 e - a +1 flail of holy wrath (weapon)
Missiles
 n - 4 throwing nets
Armour
 k - a +0 chain mail (worn)
 l - a +1 pair of gloves (worn)
 o - a +1 pair of boots (worn)
Jewellery
 a - a ring of magical power
 j - a ring of wizardry
 p - a ring of fire
Scrolls
 c - 6 scrolls of identify
 d - 7 scrolls of teleportation
 f - 2 scrolls of acquirement
 h - a scroll of fog
 i - 4 scrolls of enchant armour
Potions
 b - 2 potions of curing
 g - a potion of ambrosia
 m - a potion of invisibility
 q - 3 potions of flight
 r - a potion of haste
 s - 3 potions of heal wounds


   Skills:
 + Level 5.7 Fighting
 * Level 8.4 Maces & Flails
 + Level 5.8 Armour
 - Level 3.2 Dodging
 - Level 2.4 Stealth


You had 7 spell levels left.
You didn't know any spells.
Your spell library contained the following spells:

 Spells                   Type           Power      Damage    Failure   Level
 Magic Dart               Conj           0%         1d3       99%         1
 Necrotize                Necr           0%         1d4       99%         1
 Sandblast                Erth           0%         2d4       99%         1
 Slow                     Hex            0%         N/A       99%         1
 Call Imp                 Summ           0%         N/A       100%        2
 Passwall                 Tmut/Erth      0%         N/A       100%        2
 Scorch                   Fire           0%         2d5       100%        2
 Confusing Touch          Hex            0%         N/A       100%        3
 Dazzling Flash           Conj/Hex       0%         N/A       100%        3
 Mephitic Cloud           Conj/Pois/Air  0%         N/A       100%        3
 Stone Arrow              Conj/Erth      0%         3d7       100%        3
 Vampiric Draining        Necr           0%         2d6       100%        3
 Flame Wave               Conj/Fire      0%         2d4       100%        4
 Agony                    Necr           0%         N/A       100%        5
 Silence                  Hex/Air        0%         N/A       100%        5
 Summon Cactus Giant      Summ           0%         N/A       100%        6


Dungeon Overview and Level Annotations

Branches:
Dungeon (7/15)             Temple (1/1) D:6         Ossuary (visited)

Altars:
Ashenzari
Dithmenos
Elyvilon
Fedhas
Gozag
Kikubaaqudgha
Nemelex Xobeh
Okawaru
Qazlal
Ru
Sif Muna
Trog
Uskayaw
Vehumet
Xom
Yredelemnul
The Shining One


Innate Abilities, Weirdness & Mutations

You are resistant to damage.
You can heal yourself by infusing magical energy.
You passively map a small area around you.
You do not regenerate.
You are partially covered in large bone plates. (SH +4)
You are agile. (Dex +2)
You sometimes lose the ability to read scrolls when taking damage.
You expend magic power (3 MP) to strengthen your wands.


Message History

The sky beast hits you but does no damage.
You hit the wight.
The wight convulses.
The wight is heavily damaged.
The wight hits you but does no damage.
The sky beast hits you but does no damage.
You barely miss the wight.
The wight is heavily damaged.
You can read scrolls again.
The wight hits you with a +0 morningstar!
You feel threatened and lose the ability to read scrolls!
The sky beast hits you. The sky beast shocks you.
You hit the wight.
The wight convulses.
The wight is severely damaged.
The wight hits you with a +0 morningstar!
The sky beast closely misses you.
You hit the wight but do no damage.
The wight is severely damaged.
You block the wight's attack.
The sky beast hits you but does no damage.
You sock the wight!
You destroy the wight!
The sky beast hits you. The sky beast shocks you.
You thump the ogre!
The ogre is heavily wounded.
You can read scrolls again.
The ogre barely misses you. The sky beast hits you. The sky beast shocks you.
* * * LOW HITPOINT WARNING * * *
You sock the ogre!
The ogre is severely wounded.
The sky beast hits you. The sky beast shocks you.
* * * LOW HITPOINT WARNING * * *
You hit the ogre.
The ogre is almost dead.
The ogre barely misses you.
The sky beast hits you but does no damage.
You barely miss the ogre.
The ogre is almost dead.
The ogre hits you with a +0 giant spiked club!!
You feel threatened and lose the ability to read scrolls!
You die...

###.#, , , ... , , #.#
#####.#, , #.# #.....#
.... #.# #..?..#
*,.... #.# #.g...###
.... #.#
#.......##....< #.#
##.....#.O..#...
#.#####......#........
#...Y@............##,
##.≈##O.###.##.##..#
#.#...## #.#.<# #.# *
#.#.### #....## ..
##<.# #.#.# #..##,
.....# * #.## ##.### ,
#.* * *# * #. * ,


You could see a sky beast and an ogre.

Vanquished Creatures
  2 water moccasins (D:6)
  3 ogres
  A centaur (D:7)
  2 elf zombies (Ossuary)
  4 scorpions
  A wight (D:7)
  3 human zombies (Ossuary)
  2 hounds
  2 orc priests (D:6)
  2 orc wizards
  2 iguanas (D:5)
  2 hound zombies (Ossuary)
  4 mummies (Ossuary)
  6 adders
  7 gnolls
  A shadow imp (D:7)
  2 white imps
  2 ufetubi
  2 adder zombies (Ossuary)
  4 dart slugs
  11 orcs
  8 endoplasms
  A giant cockroach (D:1)
  14 goblins
  9 hobgoblins
  5 quokkas
  5 ball pythons
  7 bats
  8 frilled lizards
  A goblin zombie (Ossuary)
  A hobgoblin zombie (Ossuary)
  10 kobolds
  5 rats
  A rat zombie (Ossuary)
140 creatures vanquished.

Vanquished Creatures (others)
  A ball python (D:1)
  8 withered plants (D:1)
9 creatures vanquished.

Grand Total: 149 creatures vanquished

Notes
Turn   | Place    | Note
-------+----------+-------------------------------------------
     0 | D:1      | oldark the Deep Dwarf Monk began the quest for the Orb.
     0 | D:1      | Reached XP level 1. HP: 20/20 MP: 1/1
    62 | D:1      | Reached XP level 2. HP: 12/27 MP: 2/2
   107 | D:1      | Reached skill level 1 in Armour
   152 | D:1      | Reached XP level 3. HP: 22/34 MP: 3/3
   272 | D:1      | Found a faded altar of an unknown god.
   662 | D:2      | Reached skill level 4 in Maces & Flails
   721 | D:2      | Reached XP level 4. HP: 20/42 MP: 4/4
  1903 | D:4      | Reached XP level 5. HP: 17/49 MP: 3/5
  1917 | D:4      | Reached skill level 5 in Maces & Flails
  1920 | D:4      | Found a sand-covered staircase.
  1926 | Ossuary  | Entered an ossuary
  1956 | Ossuary  | Reached XP level 6. HP: 37/57 MP: 6/6
  2009 | Ossuary  | Reached skill level 6 in Maces & Flails
  2068 | Ossuary  | Reached XP level 7. HP: 35/64 MP: 7/7
  2168 | Ossuary  | Gained mutation: You expend magic power (3 MP) to
                  | strengthen your wands. [potion of mutation]
  2168 | Ossuary  | Gained mutation: You have large cloven feet. [potion of
                  | mutation]
  2168 | Ossuary  | Gained mutation: You are partially covered in large bone
                  | plates. (SH +4) [potion of mutation]
  2168 | Ossuary  | Gained mutation: Your muscles are strong. (Str +2) [potion
                  | of mutation]
  2171 | Ossuary  | Identified 3 scrolls of acquirement
  2171 | Ossuary  | Acquired 274 gold pieces
  2375 | D:5      | Entered Level 5 of the Dungeon
  2455 | D:5      | Found an iron altar of Okawaru.
  2602 | D:5      | Found a hide-covered altar of Uskayaw.
  2667 | D:5      | Found a glowing golden altar of the Shining One.
  2726 | D:5      | Found a bloodstained altar of Trog.
  2826 | D:6      | Lost mutation: Your muscles are strong. (Str +2) [potion of
                  | mutation]
  2826 | D:6      | Lost mutation: You have large cloven feet. [potion of
                  | mutation]
  2826 | D:6      | Gained mutation: You are agile. (Dex +2) [potion of
                  | mutation]
  2826 | D:6      | Gained mutation: You sometimes lose the ability to read
                  | scrolls when taking damage. [potion of mutation]
  2995 | D:6      | Found a staircase to the Ecumenical Temple.
  3002 | D:6      | Reached skill level 7 in Maces & Flails
  3022 | D:6      | Reached skill level 5 in Fighting
  3023 | Temple   | Entered the Ecumenical Temple
  3245 | D:6      | Reached XP level 8. HP: 30/74 MP: 8/8
  3276 | D:6      | Identified the +6 trident of Death's Door {vorpal, rF+
                  | Int-4 Dex+3 Stlth+}
  3493 | D:6      | Reached skill level 5 in Armour
  3663 | D:6      | Reached skill level 8 in Maces & Flails
  3946 | D:7      | HP: 3/75 [centaur/+0 flail (1)]
  3986 | D:7      | Slain by an ogre

Illustrated notes

Levels and vault maps discovered:
D:1:      mrwooster_arrival_statue, layout_rooms,
          ebering_ecumenical_altar_petrified
D:2:      layout_basic
D:3:      layout_basic
D:4:      layout_basic, lightli_ossuary_entry_decrepit_ruins
D:5:      layout_basic, okawaru_altar_gauntlet_db, trog_hazing_becter,
          tso_altar, nicolae_uskayaw_murder_on_the_dancefloor
D:6:      layout_basic, minmay_temple_entry_proselytizer
D:7:      layout_rooms, mainiacjoe_overflow_tiny_flanked,
          mainiacjoe_overflow_small_starburst, mainiacjoe_overflow_paths
Temple:   dshaligram_water_room_temple

Skill      XL: |  1  2  3  4  5  6  7  8 |
---------------+-------------------------+-----
Armour         | 1 2 3 4 5 |  5.8
Fighting       | 3 4 5 |  5.7
Maces & Flails | 4 5 6 7 8 |  8.4
Dodging        | |  3.2
Stealth        | |  2.4

Action                   |  1- 3 |  4- 6 |  7- 9 || total
-------------------------+-------+-------+-------++-------
Melee: Mace              |   121 |       |       ||   121
       Punch             |     2 |     4 |       ||     6
       Flail             |     1 |   168 |   234 ||   403
 Abil: Heal Wounds       |       |     2 |     5 ||     7
Evoke: Wand              |       |       |     4 ||     4
  Use: Potion            |     1 |     6 |     5 ||    12
       Scroll            |       |     2 |     9 ||    11
 Stab: Sleeping          |     1 |       |       ||     1
       Invisible         |       |     2 |       ||     2
Armor: Robe              |    19 |       |       ||    19
       Chain mail        |    23 |   198 |   141 ||   362
       Leather armour    |    10 |       |       ||    10
Dodge: Dodged            |   112 |   120 |   109 ||   341
Block: Other             |       |       |    37 ||    37

Table legend: (Time is in decaauts)
 A = Elapsed time spent in this place.
 B = Non-inter-level travel time spent in this place.
 C = Inter-level travel time spent in this place.
 D = Time resting spent in this place.
 E = Time spent auto-exploring this place.
 F = Levels seen in this place.
 G = Mean time per level.
                   A        B        C        D        E       F      G
               +--------+--------+--------+--------+--------+-----+--------+
         Total |   4052 |   3823 |    229 |    296 |   2089 |   9 |  450.2 |
       Dungeon |   3666 |   3457 |    209 |    296 |   1925 |   7 |  523.7 |
        Temple |    113 |     93 |     20 |      0 |     83 |   1 |  113.0 |
       Ossuary |    272 |    272 |      0 |      0 |     81 |   1 |  272.0 |
               +--------+--------+--------+--------+--------+-----+--------+

Top non-repeatable levels by time:
     D:6: 985 daAuts
     D:3: 827 daAuts
     D:2: 592 daAuts
     D:1: 468 daAuts
     D:5: 415 daAuts
 Ossuary: 272 daAuts
     D:4: 268 daAuts
  Temple: 113 daAuts
     D:7: 108 daAuts
